cohdb
Replays
Latest Replays
All Replays
Popular Replays
Top Player Replays
Match Explorer
How It Works
Community
CoH3 Stats
Reddit
Sign in to upload your games and track your stats! →
Sign in with Steam
Match 41748893
Unlisted
Match 41748893
Overview
Messages
Build Orders
End
Kradschützen Motorcycle Team
Panzergrenadier Squad
Panzergrenadier Squad
Construct Light Support Kompanie
MG34 Team
Kradschützen Motorcycle Team
Panzergrenadier Squad
Selects Italian Infantry
Selects Guastatori Squad
Selects L6/40 Light Tank Combat Group
L6/40 Light Tank Combat Group
Panzerjäger Mechanized Group
2.5-tonne Medical Truck
Selects Defensive Operations
Selects Sound the Alarm
Combat Half-tracks
Fire Support Elements
Pak 38 Anti-tank Gun Team
Valentine
Andra
BigTiddyLebron
kreumat
0
0
Comments
sign in to comment!
No comments posted yet!